 Dungeon Crawl Stone Soup version 0.21.0-3-g78d12a8 (webtiles) character file.

1550 Faca the Chopper (level 9, -5/69 HPs)
             Began as a Formicid Fighter on Jan 16, 2018.
             Was a Believer of Okawaru.
             Slain by Pikel
             ... wielding a +0 whip of electrocution
              (19 damage)
             ... on level 7 of the Dungeon.
             The game lasted 00:14:14 (6041 turns).

Faca the Chopper (Formicid Fighter)                 Turns: 6041, Time: 00:14:14

Health: -5/69      AC: 16    Str: 22    XL:     9   Next: 12%
Magic:  7/9        EV: 10    Int:  8    God:    Okawaru [**....]
Gold:   433        SH: 16    Dex: 12    Spells: 8/8 levels left

rFire    . . .     SeeInvis +   a - +1 war axe
rCold    . . .     Gourm    .   c - +0 shield
rNeg     + . .     Faith    .   x - +0 chain mail
rPois    .         Spirit   .   (helmet unavailable)
rElec    .         Reflect  +   n - +0 cloak
rCorr    .         Harm     .   i - +0 pair of gloves
MR       .....                  u - +0 pair of boots
Stlth    ..........             g - +4 amulet of reflection
HPRegen  0.21/turn              q - ring of positive energy
MPRegen  0.11/turn              (no ring)

@: heroism
A: permanent stasis, dig shafts and tunnels, four strong arms, antennae 3
a: Dig, Shaft Self, Heroism, Renounce Religion


You were on level 7 of the Dungeon.
You worshipped Okawaru.
Okawaru was pleased with you.
You were not hungry.

You visited 2 branches of the dungeon, and saw 8 of its levels.

You collected 433 gold pieces.

Inventory:

Hand Weapons
 a - a +1 war axe (weapon)
 p - a +2 flail of protection
Armour
 c - a +0 shield (worn)
 e - a +0 plate armour
 i - a +0 pair of gloves (worn)
 n - a +0 cloak (worn)
 u - a +0 pair of boots (worn)
 x - a +0 chain mail (worn)
Jewellery
 g - a +4 amulet of reflection (around neck)
 q - a ring of positive energy (left hand)
Scrolls
 d - a scroll of remove curse
 k - a scroll of fog {unknown}
 s - a scroll of blinking
Potions
 j - a potion of invisibility {unknown}
 l - a potion of cancellation {unknown}
 m - 3 potions of curing
 r - a potion of mutation
 t - a potion of agility
Comestibles
 f - 6 rations


   Skills:
 + Level 6.2(11.2) Fighting
 * Level 7.1(12.1) Axes
 + Level 6.2(11.2) Armour
 + Level 6.7(11.7) Shields


You had 8 spell levels left.
You didn't know any spells.

Dungeon Overview and Level Annotations

Branches:
Dungeon (7/15)             Temple (1/1) D:5

Altars:
Ashenzari
Cheibriados
Dithmenos
Elyvilon
Fedhas
Gozag
Hepliaklqana
Kikubaaqudgha
Makhleb
Nemelex Xobeh
Okawaru
Qazlal
Ru
Sif Muna
Trog
Uskayaw
Vehumet
Xom
Yredelemnul
Zin
The Shining One

Shops:
D:7 *

Annotations:
D:7 Pikel


Innate Abilities, Weirdness & Mutations

You cannot be hasted, slowed, berserked, paralysed or teleported.
You can dig through walls and to a lower floor.
Your four strong arms can wield two-handed weapons with a shield.
You have a pair of large antennae on your head. (SInv)


Message History

It was a scroll of blinking.
Pikel hits you with a whip of electrocution.
You are electrocuted!
* * * LOW HITPOINT WARNING * * *
Pikel waves his whip at you.
You gain the combat prowess of a mighty hero.
You block Pikel's attack.
You slash Pikel!
Pikel is moderately wounded.
Pikel hits you with a whip of electrocution.
* * * LOW HITPOINT WARNING * * *
You closely miss Pikel.
Pikel is moderately wounded.
Pikel completely misses you.
You hit Pikel.
Pikel is moderately wounded.
You slash the slave!
The phantom blinks!
The slave hits you.
* * * LOW HITPOINT WARNING * * *
Pikel hits you but does no damage.
You are electrocuted!
You die...

#.# #.###
#...###
##...{.###
#.p###.{.##
##..#
###.W###
#Wp##
###..###
#Kp#
###..###
##@##
###p.# #..#
##.. ##.##
#∩. #..#
#.# ##.##
### #..#
#.## ##.###
### #..#.##


You could see Pikel, a phantom and 3 slaves.

Vanquished Creatures
  A slave (D:7)
  2 ice beasts
  2 ogres
  A centaur (D:4)
  A crocodile (D:7)
  The ghost of pomescollege the Firebug, an amateur DsFE (D:3)
  3 scorpions
  A howler monkey (D:5)
  A jelly (D:6)
  2 orc wizards (D:4)
  A bullfrog skeleton (D:5)
  2 orc priests (D:4)
  3 hounds (D:5)
  An iguana (D:4)
  4 worker ants (D:5)
  2 hound skeletons
  A howler monkey zombie (D:5)
  4 gnolls (D:6)
  14 adders
  2 shadow imps
  4 oozes
  2 adder zombies (D:5)
  6 worms
  10 dart slugs
  2 leopard geckos
  20 orcs
  10 bats
  6 giant cockroaches
  10 goblins
  4 hobgoblins
  5 jackals
  8 kobolds
  2 quokkas
  2 ball pythons
  4 frilled lizards
  A jackal skeleton (D:4)
  A quokka zombie (D:6)
  6 rats
152 creatures vanquished.

Notes
Turn   | Place    | Note
-------+----------+-------------------------------------------
     0 | D:1      | Faca the Formicid Fighter began the quest for the Orb.
     0 | D:1      | Reached XP level 1. HP: 18/18 MP: 1/1
   167 | D:1      | Reached XP level 2. HP: 24/24 MP: 2/2
   272 | D:1      | Reached XP level 3. HP: 28/29 MP: 3/3
   904 | D:2      | Reached XP level 4. HP: 37/37 MP: 4/4
   918 | D:2      | Reached skill level 3 in Axes
  1308 | D:2      | Reached XP level 5. HP: 40/42 MP: 5/5
  1898 | D:3      | Noticed pomescollege's ghost (amateur DsFE)
  1908 | D:3      | Killed pomescollege's ghost
  1908 | D:3      | Reached skill level 4 in Axes
  1908 | D:3      | Reached XP level 6. HP: 34/48 MP: 6/6
  2409 | D:3      | Found a shadowy altar of Dithmenos.
  2636 | D:3      | Found an iron altar of Okawaru.
  2636 | D:3      | Found a glowing golden altar of the Shining One.
  2640 | D:3      | Became a worshipper of Warmaster Okawaru
  2969 | D:4      | Reached skill level 5 in Shields
  2969 | D:4      | Reached XP level 7. HP: 54/55 MP: 7/7
  3034 | D:4      | Reached skill level 5 in Axes
  3237 | D:4      | Found a sparkling altar of Nemelex Xobeh.
  3323 | D:4      | Reached skill level 5 in Armour
  3336 | D:4      | Reached * piety under Okawaru
  3336 | D:4      | Reached skill level 5 in Fighting
  3679 | D:5      | Entered Level 5 of the Dungeon
  3742 | D:5      | Reached XP level 8. HP: 53/62 MP: 8/8
  3872 | D:5      | Noticed a two-headed ogre
  3932 | D:5      | Reached skill level 6 in Axes
  3974 | D:5      | Found a staircase to the Ecumenical Temple.
  4004 | Temple   | Entered the Ecumenical Temple
  4595 | D:5      | Found an opulent altar of Gozag.
  5187 | D:6      | Found a shadowy altar of Dithmenos.
  5533 | D:6      | Found a hazy altar of Hepliaklqana.
  5869 | D:7      | Reached ** piety under Okawaru
  5869 | D:7      | Reached skill level 7 in Axes
  5869 | D:7      | Reached XP level 9. HP: 53/69 MP: 9/9
  5972 | D:7      | Found Uronub's General Store.
  6000 | D:7      | Noticed Pikel
  6041 | D:7      | Slain by Pikel

Skill      XL: |  1  2  3  4  5  6  7  8 |
---------------+-------------------------+-----
Shields        | 4 5 6 |  6.7
Axes           | 3 4 5 7 |  7.1
Armour         | 4 5 6 |  6.2
Fighting       | 4 5 6 |  6.2

Action                   |  1- 3 |  4- 6 |  7- 9 || total
-------------------------+-------+-------+-------++-------
Melee: War axe           |   101 |   227 |   253 ||   581
Invok: Heroism           |       |       |     1 ||     1
  Use: Scroll            |       |     6 |    10 ||    16
       Potion            |       |     1 |     4 ||     5
  Eat: Chunk             |       |     4 |     2 ||     6
       Ration            |       |     1 |     3 ||     4
Armor: Scale mail        |    43 |    76 |       ||   119
       Chain mail        |       |     2 |    96 ||    98
Dodge: Dodged            |    26 |    72 |    38 ||   136
Block: Shield            |    87 |   186 |   174 ||   447
       Reflection        |     1 |     1 |     6 ||     8
